Map: 망각행 고속열차

Players

제임스레이더

  • Race: Zerg Zerg

알로에

  • Race: Terran Terran
  • Spawn Location: 0:00

VOD

Have the link to the VOD?

Description

Time

  • Played on: Sept. 14, 2017, 3:09 p.m.
  • Length: 24:32
Show
View Real Time Build Order
Export as new Build Order

제임스레이더 Zerg 

Build Orders:  

Get SALT Encoding   

  18  0:03  Primal Drone  
  19  0:11  Primal Drone  
  19  0:18  Primal Drone  
  21  0:24  Primal Drone  
  22  0:33  Primal Drone  
  22  0:39  Extractor  
  23  0:46  Extractor  
  23  0:52  Primal Drone  
  24  1:17  Primal Drone  
  25  1:24  Primal Drone  
  27  1:40  Primal Drone, Primal Warden  
  28  2:21  Primal Drone  
  28  2:22  Primal Drone  
  35  2:45  Primal Hive  
  35  2:53  Glevig's Den  
  34  3:25  Primal Drone  
  34  3:26  Primal Drone x3  
  38  3:37  Primal Drone  
  40  3:47  Primal Drone  
  41  3:50  Primal Warden  
  41  4:03  Primal Drone  
  42  4:27  Primal Drone  
  42  4:28  Murvar's Den  
  42  4:41  Primal Drone  
  43  4:59  Primal Hive  
  43  5:12  Primal Drone x7  
  43  5:14  Primal Attacks Level 1  
  50  5:21  Primal Drone  
  51  5:36  Primal Drone  
  51  5:37  Extractor  
  51  5:38  Primal Drone  
  53  5:46  Primal Drone  
  54  6:06  Primal Drone  
  54  6:07  Primal Drone  
  56  6:20  Primal Drone  
  56  6:21  Primal Drone, Extractor  
  58  6:34  Primal Drone  
  58  6:35  Primal Drone  
  60  6:41  Dakrun's Den  
  59  7:36  Primal Drone x2  
  63  7:52  Primal Warden  
  63  7:55  Primal Warden  
  63  8:00  Tenderize  
  63  8:13  Primal Drone x2  
  63  8:14  Primal Attacks Level 2  
  65  8:29  Primal Warden  
  65  8:31  Primal Warden  
  65  8:33  Primal Hydralisk x2  
  65  8:39  Primal Drone x3  
  72  9:00  Dissolving Acid  
  72  9:07  Primal Hydralisk x4  
  72  9:08  Primal Hydralisk x3  
  86  9:12  Impaler  
  85  9:24  Primal Hydralisk x2  
  85  9:25  Primal Hydralisk x2  
  93  9:43  Primal Hydralisk x5  
  93  9:47  Impaler x3  
  100  10:00  Enlarged Parotid Glands, Primal Hydralisk x4  
  100  10:02  Primal Hydralisk  
  100  10:05  Impaler x2  
  108  10:21  Primal Hydralisk x4  
  108  10:26  Impaler x2  
  108  10:28  Primal Zergling  
  115  10:31  Impaler  
  114  10:41  Impaler x5  
  114  10:45  Impaler  
  114  10:46  Impaler  
  114  10:47  Primal Hydralisk x4  
  114  10:48  Primal Hydralisk x2  
  124  10:55  Impaler  
  124  10:56  Impaler  
  124  10:57  Primal Hydralisk x2  
  126  11:00  Muscular Augments  
  126  11:01  Primal Zergling  
  127  11:32  Impaler x3  
  127  11:33  Impaler x5  
  127  11:37  Primal Hydralisk x4  
  127  11:38  Primal Hydralisk x4  
  142  11:41  Impaler x2  
  142  11:43  Impaler  
  139  12:00  Primal Hydralisk x3  
  139  12:06  Impaler x15  
  145  12:18  Primal Mutalisk x4  
  145  12:19  Primal Mutalisk  
  140  12:20  Primal Hydralisk  
  140  12:22  Primal Zergling x8  
  140  12:23  Primal Zergling  
  151  12:39  Impaler  
  151  12:46  Primal Hydralisk x4  
  151  12:47  Primal Zergling x2  
  161  12:50  Impaler  
  161  12:51  Impaler  
  161  12:54  Impaler x15  
  159  13:06  Ravasaur x2  
  159  13:07  Ravasaur x2  
  159  13:08  Primal Hydralisk x3  
  165  13:11  Primal Zergling  
  165  13:12  Primal Zergling  
  165  13:15  Ravasaur  
  165  13:32  Impaler x11  
  165  13:33  Impaler x7  
  165  13:34  Impaler  
  165  13:35  Impaler, Primal Hydralisk  
  165  13:36  Primal Hydralisk x3  
  165  13:37  Primal Zergling  
  165  13:38  Primal Zergling x2  
  171  14:03  Primal Hydralisk x3  
  165  14:27  Impaler x2  
  163  14:34  Impaler x17  
  153  15:07  Primal Hydralisk x2  
  153  15:08  Primal Hydralisk x3  
  162  15:10  Primal Attacks Level 3  
  162  15:12  Primal Hydralisk x3  
  162  15:13  Primal Zergling x3  
  162  15:14  Primal Zergling x5  
  162  15:16  Impaler  
  162  15:17  Impaler  
  162  15:18  Impaler x2  
  162  15:19  Impaler x16  
  174  15:32  Primal Hydralisk x3  
  180  15:53  Primal Hydralisk x3  
  183  16:14  Primal Hydralisk x3  
  186  16:22  Impaler x16  
  186  16:23  Impaler x6  
  186  16:30  Primal Mutalisk x3  
  186  16:31  Impaler  
  186  16:32  Impaler  
  186  16:33  Primal Zergling  
  186  16:34  Impaler, Primal Zergling x10  
  191  16:43  Ravasaur x4  
  191  16:45  Primal Hydralisk x2  
  195  17:05  Primal Hydralisk x2  
  199  17:14  Ravasaur x2  
  199  17:15  Ravasaur x3  
  199  17:26  Impaler x25  
  199  17:33  Primal Mutalisk  
  199  17:34  Impaler  
  199  17:36  Impaler  
  184  17:56  Primal Hydralisk x4  
  184  17:57  Primal Hydralisk x5  
  184  17:58  Primal Hydralisk  
  192  18:03  Impaler x25  
  190  18:19  Primal Hydralisk x2  
  188  18:20  Primal Hydralisk  
  190  18:36  Primal Hydralisk x3  
  194  18:48  Impaler x11  
  194  18:49  Impaler x14  
  192  19:07  Primal Hydralisk  
  192  19:08  Primal Hydralisk x3  
  200  19:10  Impaler  
  200  19:12  Impaler  
  200  19:13  Impaler x5  
  200  19:14  Impaler  
  200  19:15  Primal Hydralisk  
  200  19:16  Impaler, Primal Hydralisk  
  194  19:54  Primal Hydralisk x2  
  194  19:55  Primal Hydralisk  
  200  20:16  Impaler x31  
  200  20:25  Primal Mutalisk x3  
  200  20:26  Primal Hydralisk  
  194  20:58  Primal Hydralisk x2  
  194  20:59  Primal Hydralisk x4  
  200  21:13  Impaler x32  
  200  21:20  Impaler  
  199  21:41  Impaler  
  199  21:42  Impaler x2  
  199  21:43  Impaler  
  199  21:48  Impaler x34  
  195  21:58  Primal Hydralisk x2  
  196  22:10  Primal Hydralisk x2  
  177  22:59  Primal Hydralisk x4  
  172  23:00  Primal Hydralisk x5  
  172  23:01  Primal Hydralisk  
Show
View Real Time Build Order
Export as new Build Order

알로에 Terran 

Build Orders:  

Get SALT Encoding   

  12  0:31  Supply Depot  
  12  0:41  Supply Depot  
Tags
 
Add a new tag
Caveats
  • Supply blocks, unpowered buildings, or Contaminate may cause inaccurate times.
  • Supply counts are checked every 10 seconds.